 Dungeon Crawl Stone Soup version 0.27.0-1-g7a089689b8 (webtiles) character file.

Game seed: 7925233714614955887

15433 backslashecho the Cleaver (level 12, -5/115 HPs)
             Began as a Gargoyle Berserker on Aug 4, 2021.
             Was an Elder of Trog.
             Slain by an anaconda simulacrum (15 damage)
             ... in an ice cave.
             The game lasted 00:27:41 (15959 turns).

backslashecho the Cleaver (Gargoyle Berserker)     Turns: 15959, Time: 00:27:42

Health: -5/115     AC: 29    Str: 24    XL:     12   Next: 27%
Magic:  12/12      EV:  8    Int:  8    God:    Trog [****..]
Gold:   779        SH:  4    Dex:  9    Spells: 11/11 levels left

rFire    x . .     SeeInvis .   a - +0 hand axe
rCold    + . .     Faith    .   g - +0 buckler
rNeg     + . .     Spirit   .   F - +0 plate armour
rPois    ∞         Reflect  .   (no helmet)
rElec    +         Harm     .   (no cloak)
rCorr    .         Rampage  .   l - +0 pair of gloves
Will     .....                  u - +0 pair of boots
Stlth    ..........             (no amulet)
HPRegen  0.29/turn              n - ring of ice
MPRegen  0.13/turn              P - +4 ring of protection

@: berserking, very quick
A: sickness immunity, AC +8, negative energy resistance 1, electricity
resistance, torment resistance 1, petrification resistance, dopey 1
a: Renounce Religion, Berserk, Trog's Hand, Brothers in Arms


You were in an ice cave.
You worshipped Trog.
Trog was greatly pleased with you.
You visited 2 branches of the dungeon, and saw 12 of its levels.
You also visited: Ice Cave.

You collected 779 gold pieces.

Inventory:

Hand Weapons
 a - a +0 hand axe (weapon)
 b - a +2 flail of draining
Missiles
 q - 4 throwing nets (quivered)
 r - 47 poisoned darts
 t - 5 datura-tipped darts
 G - a curare-tipped dart
Armour
 g - a +0 buckler (worn)
 l - a +0 pair of gloves (worn)
 u - a +0 pair of boots (worn)
 F - a +0 plate armour (worn)
Jewellery
 c - a ring of see invisible
 n - a ring of ice (left hand)
 w - a +4 ring of evasion
 P - a +4 ring of protection (right hand)
Wands
 v - a wand of flame (27)
 K - a wand of charming (8)
 L - a wand of acid (2)
Scrolls
 d - a scroll of enchant weapon {unknown}
 f - 9 scrolls of teleportation {unknown}
 i - 9 scrolls of identify {unknown}
 m - 5 scrolls of magic mapping {unknown}
 o - a scroll of vulnerability {unknown}
 p - 5 scrolls of noise {unknown}
 y - a scroll of fear {unknown}
 B - a scroll of acquirement {unknown}
 D - a scroll of brand weapon {unknown}
 E - a scroll of summoning {unknown}
 H - 4 scrolls of silence {unknown}
 M - a scroll of immolation {unknown}
 N - 2 scrolls of amnesia {unknown}
 Q - a scroll of enchant armour {unknown}
 S - a scroll of fog {unknown}
Potions
 e - a potion of attraction {unknown}
 h - 5 potions of curing
 j - 3 potions of degeneration {unknown}
 k - 3 potions of mutation {unknown}
 s - a potion of ambrosia {unknown}
 x - 2 potions of heal wounds {unknown}
 z - a potion of invisibility {unknown}
 A - a potion of cancellation {unknown}
 C - a potion of lignification {unknown}
 I - a potion of brilliance {unknown}
 J - a potion of magic {unknown}
 O - 2 potions of flight {unknown}


   Skills:
 + Level 9.6 Fighting
 * Level 12.9 Axes
 - Level 9.0 Armour
 - Level 5.0 Dodging
 - Level 4.0 Shields
 - Level 0.7 Unarmed Combat
 + Level 2.7 Evocations


You had 11 spell levels left.
You didn't know any spells.
Your spell library was empty.

Dungeon Overview and Level Annotations

Branches:
Dungeon (11/15)            Temple (0/1) D:7            Lair (1/6) D:11
  IceCv (1/1)
    Orc: D:9-12

Altars:
Cheibriados
Elyvilon
Gozag
Hepliaklqana
Nemelex Xobeh
Okawaru
Sif Muna
Uskayaw
Yredelemnul
The Shining One

Shops:
D:2 =   D:10 (

Annotations:
Lair:1 TheOneDM's ghost, novice FeBe


Innate Abilities, Weirdness & Mutations

You are immune to sickness and miasma.
Your stone body is resilient. (AC +8)
You are immune to poison.
You resist negative energy. (rN+)
You are resistant to electric shocks. (rElec)
You are resistant to unholy torment.
You are immune to petrification.
You are dopey. (Int -2)


Message History

The anaconda simulacrum constricts you but does no damage.
You block the anaconda simulacrum's attack.
You barely miss the anaconda simulacrum.
The anaconda simulacrum is heavily damaged.
The anaconda simulacrum constricts you. The anaconda simulacrum freezes you!
You resist.
The anaconda simulacrum bites you but does no damage.
You take 15 damage, and have 25/77 hp.
You are too injured to fight recklessly!
The anaconda simulacrum constricts you but does no damage.
The anaconda simulacrum bites you but does no damage.
A red film seems to cover your vision as you go berserk!
You feel yourself moving faster!
You feel mighty!
The anaconda simulacrum constricts you but does no damage.
The anaconda simulacrum bites you but does no damage.
The anaconda simulacrum constricts you but does no damage.
The anaconda simulacrum bites you. The anaconda simulacrum freezes you.
You resist.
* * * LOW HITPOINT WARNING * * *
You now have 29/115 hp.
You hit the anaconda simulacrum.
The anaconda simulacrum is heavily damaged.
You slash the anaconda simulacrum!
The anaconda simulacrum is almost destroyed.
The anaconda simulacrum constricts you but does no damage.
The anaconda simulacrum misses you.
You hit the anaconda simulacrum but do no damage.
The anaconda simulacrum is almost destroyed.
The anaconda simulacrum constricts you but does no damage.
The anaconda simulacrum bites you but does no damage.
You closely miss the anaconda simulacrum.
The anaconda simulacrum is almost destroyed.
The anaconda simulacrum constricts you.
* * * LOW HITPOINT WARNING * * *
The anaconda simulacrum freezes you! You resist.
* * * LOW HITPOINT WARNING * * *
The anaconda simulacrum bites you.
* * * LOW HITPOINT WARNING * * *
The anaconda simulacrum freezes you! You resist.
You die...

#####
###...##
##......#
##...##..#
###.@.##...#
##..Z####..##
#...####...#
##..# #....#
#..# ##..∩#
##.. #∩..##
... #####
.#Z# # ##


You could see an anaconda simulacrum.

Vanquished Creatures
  Harold (D:9)
  Erica (D:8)
  A hydra (D:11)
  Fannar (D:11)
  2 two-headed ogres
  A cyclops (D:11)
  A gargoyle (D:11)
  A kobold demonologist (D:8)
  3 komodo dragons
  A shadow (D:10)
  2 wyverns (D:11)
  A yak (shapeshifter) (D:11)
  Eustachio (D:6)
  17 yaks
  A basilisk (D:11)
  10 vampire mosquitoes
  A steam dragon (D:9)
  A death yak simulacrum (IceCv)
  An acid dragon (D:11)
  2 water moccasins (D:7)
  3 orc warriors
  A sky beast (D:6)
  A hornet zombie (D:8)
  3 necrophages
  3 ogres
  3 centaurs
  2 phantoms (D:4)
  A wolf (D:10)
  4 kobold brigands
  2 bullfrogs (Lair:1)
  3 gnoll sergeants
  A two-headed ogre simulacrum (IceCv)
  2 scorpions
  6 killer bees (D:8)
  8 wights
  2 electric eels
  2 bullfrog zombies
  2 centaur zombies
  A jelly (D:5)
  3 gnoll shamans
  7 hounds
  6 orc priests
  An iguana (D:5)
  A centaur skeleton (D:6)
  7 orc wizards
  A spriggan simulacrum (IceCv)
  A troll simulacrum (IceCv)
  A killer bee zombie (D:8)
  A hound zombie (D:4)
  29 gnolls
  A howler monkey skeleton (D:5)
  5 adders
  13 white imps
  2 ufetubi (D:4)
  An adder zombie (D:4)
  An adder skeleton (D:4)
  3 dart slugs
  24 orcs
  5 ball pythons
  2 bats
  9 endoplasms
  2 giant cockroaches (D:1)
  2 goblins
  3 hobgoblins
  6 jackals
  24 kobolds
  2 quokkas
  2 frilled lizards
  11 rats
276 creatures vanquished.

Vanquished Creatures (others)
  A bullfrog (D:9)
  A fungus (Lair:1)
  A plant (Lair:1)
3 creatures vanquished.

Grand Total: 279 creatures vanquished

Notes
Turn   | Place    | Note
-------+----------+-------------------------------------------
     0 | D:1      | backslashecho the Gargoyle Berserker began the quest for
                  | the Orb.
     0 | D:1      | Reached XP level 1. HP: 14/14 MP: 1/1
    99 | D:1      | Reached XP level 2. HP: 12/19 MP: 2/2
   412 | D:1      | Reached skill level 3 in Axes
   791 | D:1      | Reached XP level 3. HP: 20/23 MP: 3/3
  1325 | D:2      | Found Uqaffu Qaenk's Jewellery Shop.
  1747 | D:2      | Reached skill level 1 in Shields
  1747 | D:2      | Reached XP level 4. HP: 29/29 MP: 4/4
  1749 | D:2      | Reached ** piety under Trog
  2133 | D:3      | Found a white marble altar of Elyvilon.
  2648 | D:3      | Found a snail-covered altar of Cheibriados.
  2881 | D:3      | Found a faded altar of an unknown god.
  3137 | D:4      | Reached XP level 5. HP: 30/33 MP: 5/5
  3199 | D:4      | Found an opulent altar of Gozag.
  3342 | D:4      | Noticed an ogre
  3348 | D:4      | Killed an ogre
  3349 | D:4      | Reached skill level 4 in Axes
  3349 | D:4      | Reached XP level 6. HP: 39/39 MP: 6/6
  3761 | D:4      | Reached XP level 7. HP: 44/44 MP: 7/7
  4150 | D:4      | Reached skill level 5 in Axes
  4217 | D:4      | Found a basalt altar of Yredelemnul.
  4271 | D:4      | Reached skill level 5 in Fighting
  4690 | D:5      | Entered Level 5 of the Dungeon
  5885 | D:6      | Reached XP level 8. HP: 47/50 MP: 8/8
  5939 | D:6      | Reached skill level 6 in Axes
  6155 | D:6      | Reached skill level 5 in Armour
  6293 | D:6      | Found a hide-covered altar of Uskayaw.
  6700 | D:6      | Noticed Eustachio
  6722 | D:6      | Killed Eustachio
  6723 | D:6      | Reached skill level 7 in Axes
  7194 | D:7      | Reached XP level 9. HP: 40/56 MP: 9/9
  7308 | D:7      | Found a staircase to the Ecumenical Temple.
  7436 | D:7      | Found an iron altar of Okawaru.
  7511 | D:7      | Reached *** piety under Trog
  8289 | D:8      | Noticed a kobold demonologist
  8303 | D:8      | Gained mutation: You are dopey. (Int -2) [a neqoxec]
  8307 | D:8      | Killed a kobold demonologist
  8308 | D:8      | Reached skill level 8 in Axes
  8877 | D:8      | Noticed Erica
  8888 | D:8      | Killed Erica
  8889 | D:8      | Reached skill level 9 in Axes
  8889 | D:8      | Reached XP level 10. HP: 56/64 MP: 10/10
  9235 | D:8      | Found a hazy altar of Hepliaklqana.
 10087 | D:9      | Noticed Harold
 10104 | D:9      | Killed Harold
 10304 | D:9      | You fall into a shaft and drop 2 floors!
 10318 | D:10     | Entered Level 10 of the Dungeon
 10318 | D:10     | Found Uhymuv's Antique Weapon Boutique.
 10334 | D:11     | Reached skill level 10 in Axes
 10936 | D:10     | Noticed a two-headed ogre
 10945 | D:10     | Killed a two-headed ogre
 10991 | D:10     | Reached **** piety under Trog
 11041 | D:10     | Reached XP level 11. HP: 54/71 MP: 11/11
 11137 | D:10     | Reached skill level 11 in Axes
 11928 | D:9      | Found a sparkling altar of Nemelex Xobeh.
 12415 | D:10     | Found a shimmering blue altar of Sif Muna.
 12415 | D:10     | Found a glowing golden altar of the Shining One.
 12867 | D:11     | Noticed a cyclops
 13118 | D:11     | Noticed Fannar
 13178 | D:11     | Killed Fannar
 13179 | D:11     | Reached skill level 12 in Axes
 13450 | D:11     | Killed a cyclops
 13740 | D:11     | Reached skill level 5 in Dodging
 14058 | D:11     | Noticed a six-headed hydra
 14251 | D:11     | Killed a one-headed hydra
 14252 | D:11     | Reached skill level 1 in Evocations
 14321 | D:10     | Reached XP level 12. HP: 71/76 MP: 12/12
 14807 | D:11     | Noticed a two-headed ogre
 14815 | D:11     | Killed a two-headed ogre
 14875 | D:11     | Found a staircase to the Lair.
 15435 | Lair:1   | Entered Level 1 of the Lair of Beasts
 15672 | Lair:1   | Noticed TheOneDM's ghost (novice FeBe)
 15674 | Lair:1   | Found a frozen archway.
 15759 | IceCv    | Entered an ice cave
 15959 | IceCv    | Slain by an anaconda simulacrum

Illustrated notes

Levels and vault maps discovered:
D:1:      dpeg_arrival_ratfight, layout_loops_ring
D:2:      layout_loops_ring, serial_shops, nicolae_shop_crystal,
          amcnicky_mini_rare_corridor_liquid
D:3:      layout_loops_corners, cheibriados_altar_1, general_overflow_altar,
          dreamdust_ecumenical_altar_hidden_monk_grotto
D:4:      layout_basic, lemuel_crystal_altar, lemuel_zombie_altar_yredelemnul
D:5:      layout_basic
D:6:      layout_basic, nicolae_uskayaw_suspiria, bh_walls_and_bars,
          uniq_eustachio
D:7:      layout_loops_ring, mainiacjoe_overflow_cross_hatched,
          minmay_temple_entry_statues
D:8:      layout_loops_ring, mainiacjoe_overflow_six_doors_small, uniq_erica
D:9:      layout_long_grid, lemuel_doored_altar, uniq_harold
D:10:     layout_big_octagon, amethyst_overflow_temple_binary,
          serial_gnoll_camp, gnoll_camp_mini_sergeant, gnoll_camp_huts_moat,
          gnoll_camp_mini_hut, gnoll_camp_mini_loothouse, serial_shops, shop,
          hangedman_abyss_or_decor_clamps, corexii_leaking_fountain,
          chequers_serial_rivers_room_b, minmay_fractal_squares_5
D:11:     minmay_weird_star, layout_basic, erik_lair_dragon, uniq_fannar
Lair:1:   layout_loops_ring, gammafunk_ghost_split, portal_ice_cave_entry_imps,
          minivault_26, infiniplex_staircase_pool, grunt_megastairs_3,
          uniq_gastronok
IceCv:    ice_cave_caverns_03

Skill      XL: |  1  2  3  4  5  6  7  8  9 10 11 12 |
---------------+-------------------------------------+-----
Axes           | 3 4 5 7 9 10 12 | 12.9
Shields        | 1 2 3 4 |  4.0
Fighting       | 4 5 6 8 9 |  9.6
Armour         | 3 4 6 7 9 |  9.0
Dodging        | 2 5 |  5.0
Evocations     | 1 2 |  2.7
Unarmed Combat | |  0.7

Action                   |  1- 3 |  4- 6 |  7- 9 | 10-12 || total
-------------------------+-------+-------+-------+-------++-------
Melee: Hand axe          |   116 |   104 |   608 |  1000 ||  1828
       Scimitar          |       |       |       |     6 ||     6
Throw: Dart              |       |       |       |     4 ||     4
       Throwing net      |       |       |       |     2 ||     2
Invok: Berserk           |     1 |     3 |     8 |    12 ||    24
       Trog's Hand       |       |       |     3 |     7 ||    10
Evoke: Wand              |       |       |       |    15 ||    15
 Stab: Distracted        |     1 |       |       |       ||     1
Armor: Animal skin       |    39 |     3 |       |       ||    42
       Chain mail        |       |    69 |   202 |       ||   271
       Plate armour      |       |       |    70 |   429 ||   499
Dodge: Dodged            |    68 |    50 |   258 |   437 ||   813
Block: Buckler           |     6 |    14 |   120 |   143 ||   283
